 Dungeon Crawl Stone Soup version 0.30-a0-1018-g25214051b3 (webtiles) character file.

Game seed: 353204716445721445

424 xian the Shooter (level 6, -5/37 HPs)
             Began as a Tengu Hunter on Apr 7, 2023.
             Slain by an ogre
             ... wielding a +0 giant club
              (9 damage)
             ... on level 5 of the Dungeon.
             The game lasted 00:08:32 (3792 turns).

xian the Shooter (Tengu Hunter)                     Turns: 3792, Time: 00:08:33

Health: -5/37      AC:  8    Str: 19    XL:     6   Next: 96%
Magic:  7/7        EV: 13    Int:  9    God:
Gold:   208        SH:  0    Dex: 17    Spells: 5/5 levels left

rFire   + . .      SeeInvis .    a - +0 shortbow
rCold   + . .      Faith    .    (shield currently unavailable)
rNeg    . . .      Spirit   .    j - +1 scale mail of Elitism {Str+5}
rPois   .          Reflect  .    (helmet restricted)
rElec   .          Rampage  .    (no cloak)
rCorr   .                        o - +0 pair of gloves
Will    .....                    (boots unavailable)
Stlth   +                        (no amulet)
HPRegen 0.26/turn                c - ring of protection from fire
MPRegen 0.10/turn                s - ring of protection from cold

@: flying quickly and evasively, quick
A: beak, talons 3, nimble flight
a: no special abilities


You were on level 5 of the Dungeon.
You visited 1 branch of the dungeon, and saw 5 of its levels.

You collected 208 gold pieces.

Inventory:

Hand Weapons
 a - a +0 shortbow (weapon)
 p - a +0 hand axe
Missiles
 f - 7 poisoned darts
Armour
 j - the +1 scale mail of Elitism (worn) {Str+5}
   (You found it on level 2 of the Dungeon)

   Str:       It affects your strength (+5).
 o - a +0 pair of gloves (worn)
Jewellery
 c - a ring of protection from fire (left hand)
 s - a ring of protection from cold (right hand)
Scrolls
 b - a scroll of immolation
 e - 5 scrolls of identify {unknown}
 h - a scroll of acquirement {unknown}
 i - 5 scrolls of teleportation {unknown}
 m - a scroll of poison {unknown}
 r - 2 scrolls of vulnerability {unknown}
 t - a scroll of blinking {unknown}
 u - a scroll of fog {unknown}
Potions
 d - a potion of heal wounds {unknown}
 g - 3 potions of lignification {unknown}
 k - 2 potions of curing {unknown}
 l - a potion of resistance {unknown}
 n - a potion of berserk rage {unknown}
 q - 2 potions of mutation {unknown}
 v - a potion of brilliance {unknown}
 w - a potion of invisibility {unknown}
 x - a potion of attraction {unknown}


   Skills:
 + Level 3.5 Fighting
 + Level 7.4 Ranged Weapons
 + Level 2.4 Armour
 + Level 2.6 Dodging
 + Level 1.2 Stealth


You had 5 spell levels left.
You didn't know any spells.
Your spell library was empty.

Dungeon Overview and Level Annotations

Branches:
Dungeon (5/15)
 Temple: D:4-7

Altars:
Dithmenos
Xom

Shops:
D:1 ?

Annotations:
D:2 1 runed translucent door, Crazy Yiuf


Innate Abilities, Weirdness & Mutations

You have a beak for a mouth.
You have claws for feet.
Your magical nature lets you fly swiftly and evasively.


Message History

You reach down and open the door.
An ogre and a dart slug come into view.
Found a stone staircase leading down.
The ogre shouts!
The dart slug launches a dart at you. The slug dart misses you.
There is an open door here.
You shoot an arrow. The arrow hits the ogre.
The ogre is lightly wounded.
You shoot an arrow.
The arrow hits the ogre but does no damage.
The ogre is lightly wounded.
You shoot an arrow. The arrow hits the ogre.
The ogre is lightly wounded.
You shoot an arrow. The arrow hits the ogre.
The ogre is moderately wounded.
The ogre hits you with a +0 giant club.
You shoot an arrow. The arrow hits the ogre.
The ogre is heavily wounded.
You shoot an arrow. The arrow hits the ogre.
The ogre is heavily wounded.
The ogre closely misses you.
You shoot an arrow. The arrow barely misses the ogre.
The ogre hits you with a +0 giant club!!
Ouch! That really hurt!
* * * LOW HITPOINT WARNING * * *
The dart slug bites you.
* * * LOW HITPOINT WARNING * * *
You are too injured to fight recklessly!
You are too injured to fight recklessly!
You are too injured to fight recklessly!
You are too injured to fight recklessly!
You are too injured to fight recklessly!
Fire: a) +0 shortbow
Press: ? - help, Q - select action, (/) - cycle Shift-Dir - straight line, f/p - ogre
Aim: an ogre, wielding a +0 giant club (heavily wounded, 77% to hit)
You shoot an arrow. The arrow hits the ogre!
The ogre is severely wounded.
The ogre hits you with a +0 giant club!
You die...

#..## .>..... ######..#.
.......###### #.......#.
.......#....# #......=#.
.......#....# #.......#. #####
.......+....+ +.......#. ....#
.......#....# #.......## ###.#
.......#....# ###..#'## #.#
......wO@...# #..#.# #.#
.......#....# #..#.#
###.############[...######..#.#
............................#.#
###.#.........###....######=#.#
###'#+#######.#...........#.#.#
........# #.#.######..#.#.#.#
........# #.#.#.......#.#.#.#
........# #.#......†#...#'#'###


You could see an ogre and a dart slug.

Vanquished Creatures
  A phantom (D:5)
  A scorpion (D:5)
  2 hounds
  A jelly (D:3)
  2 iguanas (D:5)
  6 adders
  An ufetubus (D:5)
  4 worms
  4 dart slugs
  5 endoplasms
  5 goblins
  8 hobgoblins
  8 jackals
  8 kobolds
  5 quokkas
  4 ball pythons
  6 bats
  3 frilled lizards (D:1)
  3 rats
77 creatures vanquished.

Notes
Turn   | Place    | Note
-------+----------+-------------------------------------------
     0 | D:1      | xian the Tengu Hunter began the quest for the Orb.
     0 | D:1      | Reached XP level 1. HP: 12/12 MP: 2/2
    41 | D:1      | Reached XP level 2. HP: 17/17 MP: 3/3
   143 | D:1      | Reached skill level 5 in Ranged Weapons
   280 | D:1      | Reached XP level 3. HP: 17/21 MP: 4/4
   326 | D:1      | Found Panil's Magic Scroll Shop.
   779 | D:2      | Found a shimmering altar of Xom.
   873 | D:2      | Identified the +1 scale mail of Elitism {Str+5}
  1078 | D:2      | Found a runed translucent door.
  1079 | D:2      | Noticed Crazy Yiuf
  1494 | D:3      | Reached skill level 1 in Armour
  1494 | D:3      | Reached XP level 4. HP: 20/26 MP: 5/5
  1616 | D:3      | Reached skill level 6 in Ranged Weapons
  2169 | D:3      | Gained mutation: Your magical nature lets you fly swiftly
                  | and evasively. [Tengu growth]
  2169 | D:3      | Reached XP level 5. HP: 5/31 MP: 6/6
  2890 | D:5      | Entered Level 5 of the Dungeon
  2890 | D:5      | Noticed a phantom
  2915 | D:5      | Killed a phantom
  2916 | D:5      | Reached XP level 6. HP: 21/36 MP: 7/7
  3028 | D:5      | Reached skill level 7 in Ranged Weapons
  3470 | D:5      | Found a shadowy altar of Dithmenos.
  3792 | D:5      | Slain by an ogre

Illustrated notes

Levels and vault maps discovered:
D:1:      minmay_arrival_open_corners, layout_basic, serial_shops, shop
D:2:      layout_rooms, basic_altar, uniq_crazy_yiuf_cottage
D:3:      layout_loops_cross, grunt_decor_junction, kennysheep_generic_room_3
D:4:      layout_basic
D:5:      layout_basic, nicolae_dithmenos_through_a_glass_darkly,
          gammafunk_ghost_grave, cheibrodos_gnoll_hut

Skill      XL: |  1  2  3  4  5  6 |
---------------+-------------------+-----
Ranged Weapons | 5 6 7 |  7.4
Armour         | 1 2 |  2.4
Fighting       | 3 |  3.5
Dodging        | |  2.6
Stealth        | |  1.2

Action                     |  1- 3 |  4- 6 || total
---------------------------+-------+-------++-------
   Fire: Shortbow          |   105 |   170 ||   275
 Armour: Leather armour    |     9 |       ||     9
         Scale mail        |     8 |    47 ||    55
  Dodge: Dodged            |    23 |    91 ||   114

Table legend: (Time is in decaauts)
 A = Elapsed time spent in this place.
 B = Non-inter-level travel time spent in this place.
 C = Inter-level travel time spent in this place.
 D = Time resting spent in this place.
 E = Time spent auto-exploring this place.
 F = Levels seen in this place.
 G = Mean time per level.
                   A        B        C        D        E       F      G
               +--------+--------+--------+--------+--------+-----+--------+
         Total |   3781 |   3618 |    163 |    102 |   2925 |   5 |  756.2 |
       Dungeon |   3781 |   3618 |    163 |    102 |   2925 |   5 |  756.2 |
               +--------+--------+--------+--------+--------+-----+--------+

Top non-repeatable levels by time:
     D:3: 934 daAuts
     D:5: 875 daAuts
     D:1: 759 daAuts
     D:2: 722 daAuts
     D:4: 489 daAuts
